 Dungeon Crawl Stone Soup version 0.28.0-43-g3370ac3207 (webtiles) character file.

Game seed: 8612659801617161127

110 boopmooplesden the Slasher (level 4, -3/41 HPs)
             Began as a Minotaur Berserker on Mar 27, 2022.
             Was a Believer of Trog.
             Slain by a worm (8 damage)
             ... on level 2 of the Dungeon.
             The game lasted 00:01:52 (1910 turns).

boopmooplesden the Slasher (Minotaur Berserker)     Turns: 1910, Time: 00:01:53

Health: -3/41      AC:  3    Str: 21    XL:     4   Next: 61%
Magic:  3/3        EV: 12    Int:  4    God:    Trog [**....]
Gold:   73         SH:  0    Dex: 12    Spells: 3/3 levels left

rFire   . . .      SeeInvis .   a - +0 falchion
rCold   . . .      Faith    .   (no shield)
rNeg    . . .      Spirit   .   b - +0 animal skin
rPois   .          Reflect  .   (helmet restricted)
rElec   .          Harm     .   (no cloak)
rCorr   .          Rampage  .   f - +0 pair of gloves
Will    .....                   (no boots)
Stlth   +.........              (no amulet)
HPRegen 0.13/turn               (no ring)
MPRegen 0.08/turn               (no ring)

@: no status effects
A: horns 2, retaliatory headbutt
a: Renounce Religion, Berserk, Trog's Hand


You were on level 2 of the Dungeon.
You worshipped Trog.
Trog was pleased with you.
You visited 1 branch of the dungeon, and saw 2 of its levels.

You collected 73 gold pieces.

Inventory:

Hand Weapons
 a - a +0 falchion (weapon)
 e - a +1 whip of freezing
Armour
 b - a +0 animal skin (worn)
 f - a +0 pair of gloves (worn)
Scrolls
 c - 3 scrolls of identify {unknown}
 d - a scroll of silence {unknown}


   Skills:
 + Level 4.7 Fighting
 + Level 5.2 Long Blades
 + Level 2.6 Armour
 + Level 2.9 Dodging
 + Level 0.1 Stealth


You had 3 spell levels left.
You didn't know any spells.
Your spell library was empty.

Dungeon Overview and Level Annotations

Branches:
Dungeon (2/15)

Altars:


Innate Abilities, Weirdness & Mutations

You have a pair of horns on your head.
You reflexively headbutt those who attack you in melee.


Message History

You feel sick. The adder completely misses you.
You completely miss the adder.
The adder is lightly wounded.
You feel sick. The adder bites you but does no damage.
You closely miss the adder. You headbutt the adder.
The adder is moderately wounded.
You feel sick. The adder closely misses you.
You barely miss the adder. Your headbutt misses the adder.
The adder is lightly wounded.
You feel sick. The adder bites you.
You are more poisoned.
The adder poisons you! The adder closely misses you. You furiously retaliate!
You headbutt the adder!
You kill the adder!
Trog accepts your kill.
You feel very sick.
A worm comes into view.
Found 12 gold pieces.
You feel sick.
You feel sick.
You feel sick.
You feel sick. The worm bites you.
You hit the worm.
The worm is moderately wounded.
You feel sick.
You barely miss the worm.
The worm is moderately wounded.
You feel sick. The worm bites you!
* * * LOW HITPOINT WARNING * * *
You hit the worm.
The worm is moderately wounded.
You feel sick.
You are no longer poisoned.
The worm closely misses you.
You slash the worm!
You headbutt the worm, but do no damage.
The worm is severely wounded.
You hit the worm but do no damage.
The worm is severely wounded.
The worm bites you!
You die...

#####################
....................####
........................
######.@.###########.###
#.w.# #..# #...# ##†#
#...# #.## #..$# #..#
#...# ##.# #...# #..
#...# ##. #.


You could see a worm.

Vanquished Creatures
  3 adders (D:2)
  4 gnolls (D:2)
  3 dart slugs
  4 ball pythons
  4 endoplasms
  2 giant cockroaches
  2 goblins
  2 hobgoblins (D:1)
  5 kobolds
  A quokka (D:1)
  4 bats
  2 frilled lizards (D:1)
  5 rats
41 creatures vanquished.

Notes
Turn   | Place    | Note
-------+----------+-------------------------------------------
     0 | D:1      | boopmooplesden the Minotaur Berserker began the quest for
                  | the Orb.
     0 | D:1      | Reached XP level 1. HP: 19/19 MP: 0/0
    40 | D:1      | Reached XP level 2. HP: 7/27 MP: 1/1
   292 | D:1      | Reached skill level 4 in Long Blades
   625 | D:1      | Found a faded altar of an unknown god.
  1019 | D:1      | Reached XP level 3. HP: 34/34 MP: 2/2
  1528 | D:2      | Reached ** piety under Trog
  1529 | D:2      | Reached XP level 4. HP: 16/41 MP: 3/3
  1531 | D:2      | Reached skill level 5 in Long Blades
  1910 | D:2      | Slain by a worm

Illustrated notes

Levels and vault maps discovered:
D:1:      dpeg_arrival_chambers_temple_mockup, layout_basic,
          hellmonk_ecumenical_altar_crossroads, chequers_serial_rivers_room_a
D:2:      layout_basic

Skill      XL: |  1  2  3  4 |
---------------+-------------+-----
Long Blades    | 4 5 |  5.2
Fighting       | 4 |  4.7
Armour         | |  2.6
Dodging        | |  2.9
Stealth        | |  0.1

Action                   |  1- 3 |  4- 6 || total
-------------------------+-------+-------++-------
Melee: Falchion          |    80 |    22 ||   102
       Headbutt          |    13 |     8 ||    21
       Punch             |     2 |       ||     2
Invok: Berserk           |       |     1 ||     1
Armor: Animal skin       |    10 |     6 ||    16
Dodge: Dodged            |    57 |    12 ||    69
